 Dungeon Crawl Stone Soup version 0.30-a0-371-gad7725a93e (webtiles) character file.

Game seed: 9097256259822015763

117253 confidenceinterval the Fighter (level 16, -3/101 HPs)
             Began as a Gargoyle Ice Elementalist on Nov 17, 2022.
             Was an Initiate of Gozag.
             Slain by a +6 vorpal dire flail (28 damage)
             ... on level 1 of the Orcish Mines on Nov 22, 2022.
             The game lasted 01:47:14 (32546 turns).

confidenceinterval the Fighter (GrIE)              Turns: 32546, Time: 01:47:15

Health: -3/101     AC: 35    Str: 13      XL:     16   Next: 73%
Magic:  24/26      EV: 12    Int: 31      God:    Gozag
Gold:   3207       SH:  0    Dex: 11 (12) Spells: 9/33 levels left

rFire   + + .      SeeInvis +    a - +10 shortbow of Lorghap {elec, rF+ rN+ Will+ Dex+2}
rCold   . . .      Faith    .    (shield currently unavailable)
rNeg    + + +      Spirit   .    T - +2 scale mail of Feasting {rC- Regen+ Int+8 SInv}
rPois   ∞          Reflect  .    c - -2 hat of the Alchemist {rElec rPois rF+ rC+ rN+ Will+ rMut rCorr}
rElec   +          Harm     .    E - +2 cloak
rCorr   +          Rampage  .    C - +2 pair of gloves
rMut    +                        h - +2 pair of boots
Will    +++..                    g - amulet of magic regeneration
Stlth   +.........               R - ring of wizardry
HPRegen 1.16/turn                u - +4 ring of protection
MPRegen 0.60/turn

@: flying
A: sickness immunity, AC +12, big wings, negative energy resistance 1,
electricity resistance, torment resistance 1, petrification resistance, low MP 1
a: Renounce Religion, Potion Petition, Call Merchant, Bribe Branch


You were on level 1 of the Orcish Mines.
You worshipped Gozag.
Gozag was most pleased with you.
You visited 4 branches of the dungeon, and saw 23 of its levels.
You also visited: Ossuary.

You collected 8959 gold pieces.
You spent 5277 gold pieces at shops.
You paid 475 gold pieces to Gozag.

Inventory:

Hand Weapons
 a - the +10 shortbow of Lorghap (weapon) {elec, rF+ rN+ Will+ Dex+2}
   (You bought it in a shop on level 6 of the Dungeon)

   Any ammunition fired from it occasionally discharges a powerful burst of
   electricity upon striking a foe.
   Dex:       It affects your dexterity (+2).
   rF:        It protects you from fire.
   rN:        It protects you from negative energy.
   Will:      It increases your willpower.
 x - the +5 long sword of Veihec {vamp, Will+ Str+5}
   (You bought it in a shop on level 4 of the Dungeon)

   It occasionally heals its wielder for a portion of the damage dealt when it
   wounds a living foe.
   Str:       It affects your strength (+5).
   Will:      It increases your willpower.
 A - a +5 eveningstar
Missiles
 s - 3 throwing nets
 t - 6 curare-tipped darts
 y - a boomerang of dispersal
 K - 9 silver javelins
Armour
 c - the -2 hat of the Alchemist (worn) {rElec rPois rF+ rC+ rN+ Will+ rMut rCorr}
   (You bought it in a shop on level 14 of the Dungeon)

   rF:        It protects you from fire.
   rC:        It protects you from cold.
   rElec:     It insulates you from electricity.
   rPois:     It protects you from poison.
   rN:        It protects you from negative energy.
   rCorr:     It protects you from acid and corrosion.
   rMut:      It protects you from mutation.
   Will:      It increases your willpower.
 h - a +2 pair of boots (worn)
 C - a +2 pair of gloves (worn)
 E - a +2 cloak (worn)
 F - a +1 robe of resistance
 T - the +2 scale mail of Feasting (worn) {rC- Regen+ Int+8 SInv}
   (You bought it in a shop on level 14 of the Dungeon)

   Int:       It affects your intelligence (+8).
   rC:        It makes you vulnerable to cold.
   SInv:      It lets you see invisible.
   Regen:     It increases your rate of health regeneration.
 U - the +4 scale mail of Coenea {+Inv Fly Regen+ Dex+3}
   (You bought it in a shop on level 9 of the Dungeon)

   Dex:       It affects your dexterity (+3).
   +Inv:      It lets you turn invisible.
   Fly:       It grants you flight.
   Regen:     It increases your rate of health regeneration.
Jewellery
 d - an amulet of regeneration
 g - an amulet of magic regeneration (around neck)
 l - a ring of see invisible
 u - a +4 ring of protection (right hand)
 I - a ring of protection from fire
 P - a ring of protection from cold
 R - a ring of wizardry (left hand)
 W - an amulet of reflection
Wands
 m - a wand of charming (4)
 D - a wand of acid (3)
 M - a wand of polymorph (9)
 N - a wand of flame (43)
Scrolls
 j - a scroll of enchant armour
 n - 2 scrolls of vulnerability
 q - 3 scrolls of immolation
 z - 2 scrolls of poison
 B - 2 scrolls of blinking
 G - 2 scrolls of summoning
 H - 3 scrolls of fog
 J - 4 scrolls of amnesia
 O - 14 scrolls of identify
 S - 4 scrolls of enchant weapon
 V - 3 scrolls of fear
 X - 4 scrolls of teleportation
Potions
 b - 2 potions of magic
 e - 2 potions of cancellation
 i - 2 potions of berserk rage
 k - 3 potions of brilliance
 o - 6 potions of haste
 p - a potion of resistance
 r - 9 potions of heal wounds
 v - 13 potions of curing
 w - a potion of might
 L - 3 potions of ambrosia
 Q - a potion of invisibility


   Skills:
 - Level 12.0 Fighting
 - Level 9.0 Ranged Weapons
 - Level 12.0 Armour
 - Level 10.0 Dodging
 - Level 5.0 Stealth
 - Level 9.0 Spellcasting
 - Level 5.0 Conjurations
 * Level 1.1 Hexes
 - Level 6.0 Summonings
 + Level 9.2 Necromancy
 - Level 5.0 Transmutations
 - Level 7.0 Ice Magic
 - Level 9.0 Poison Magic
 - Level 5.0 Evocations


You had 9 spell levels left.
You knew the following spells:

 Your Spells              Type           Power      Damage    Failure   Level
a - Freeze                Ice            100%       1d10      1%          1
b - Frozen Ramparts       Ice            100%       1d16      1%          3
c - Magic Dart            Conj           100%       1d8       1%          1
d - Searing Ray           Conj           88%        2d7       1%          2
e - Summon Ice Beast      Ice/Summ       53%        N/A       3%          4
f - Olgreb's Toxic Radia  Pois           63%        N/A       1%          4
g - Dispel Undead         Necr           63%        3d22      1%          4
h - Yara's Violent Unrav  Hex/Tmut       16%        3d8       34%         5

Your spell library contained the following spells:

 Spells                   Type           Power      Damage    Failure   Level
 Kiss of Death            Conj/Necr      100%       2d13      1%          1
 Sting                    Tmut/Pois      100%       1d8       1%          1
 Poisonous Vapours        Pois/Air       82%        N/A       1%          2
 Ozocubu's Armour         Ice            55%        N/A       1%          3
 Confusing Touch          Hex            20%        N/A       9%          3
 Fulminant Prism          Conj/Hex       16%        3d10      13%         4
 Haunt                    Necr/Summ      28%        N/A       83%         7
 Infestation              Necr           31%        N/A       99%         8
 Enfeeble                 Hex            10%        N/A       100%        7
 Animate Dead             Necr           Unusable   N/A       N/A         4

Dungeon Overview and Level Annotations

Branches:
Dungeon (15/15)            Temple (0/1) D:5            Lair (5/5) D:8
 Shoals (0/4) Lair:3        Snake (0/4) Lair:2        Slime (0/5) Lair:4
    Orc (2/2) D:10            Elf (1/3) Orc:2        Vaults (0/5) D:14
 Depths (0/4) D:15        Ossuary (visited)

Altars:
Cheibriados
Elyvilon
Gozag
Hepliaklqana
Kikubaaqudgha
Nemelex Xobeh
Okawaru
Ru
Sif Muna
Trog
Uskayaw
Vehumet
Wu Jian
Xom
Jiyva

Shops:
D:4 (   D:6 ?(   D:7 :   D:9 !=*([   D:10 ?   D:14 [   Orc:2 [:=*

Annotations:
D:3 exclusion: statue
D:7 2 transporters
D:13 3 runed translucent doors, Ejouneb's ghost, journeyman TrBe
D:14 3 runed translucent doors, Ticrolis's ghost, journeyman DgDe
Lair:5 Come back and cast violent unravelling, exclusion: obsidian statue


Innate Abilities, Weirdness & Mutations

You are immune to sickness and miasma.
Your stone body is resilient. (AC +12)
You are immune to poison.
Your large and strong wings let you fly.
You resist negative energy. (rN+)
You are resistant to electric shocks. (rElec)
You are resistant to unholy torment.
You are immune to petrification.
Your magical capacity is low. (-10% MP)


Message History

Okay, then.
Unknown command.
Casting: Olgreb's Toxic Radiance (mildly dangerous; 1% risk of failure)
Confirm with . or Enter, or press ? or * to list all spells.
Okay, then.
Unknown command.
Blink to where?
Press: ? - help, Dir - move target, p - +6 vorpal dire flail
As you read the scroll of blinking, it crumbles to dust.
Unknown command.
There is a stone staircase leading up here.
Unknown command.
The +6 vorpal dire flail hits you but does no damage.
You fly upwards.
There is a stone staircase leading down here.
Unknown command.
Casting: Olgreb's Toxic Radiance (mildly dangerous; 1% risk of failure)
Confirm with . or Enter, or press ? or * to list all spells.
A chill wind blows around you.
The +6 vorpal dire flail hits you but does no damage. x2
Unknown command.
Fire: a) +10 shortbow of Lorghap {elec, rF+ rN+ Will+ Dex+2}
Press: ? - help, Shift-Dir - straight line, f - +6 vorpal dire flail
Aim: a +6 vorpal dire flail (moderately damaged, ally target, 54% to hit)
You shoot an arrow.
The arrow hits the +6 vorpal dire flail but does no damage.
The +6 vorpal dire flail is moderately damaged.
The +6 vorpal dire flail barely misses you.
The +6 vorpal dire flail hits you!
Fire: a) +10 shortbow of Lorghap {elec, rF+ rN+ Will+ Dex+2}
Press: ? - help, Shift-Dir - straight line, f/p - +6 vorpal dire flail
Aim: a +6 vorpal dire flail (lightly damaged, ally target, 54% to hit)
You shoot an arrow.
The arrow misses the +6 vorpal dire flail.
The +6 vorpal dire flail hits you!
* * * LOW HITPOINT WARNING * * *
x2 Your ice beast misses the +6 vorpal dire flail.
The +6 vorpal dire flail hits you!!
You die...
Your body crumbles into a pile of gold.

#...#..######## #....##
##.#....##.##.## ###....#
##..#...........# ##.#.....
#..............## ##.....#.#
##..............# #.....#...
##...............###........#
#..[.............#..........#
##.##......Y(.........#..#...
####.......@.......##....#.#
##........).......##...####
##.............##...##..##
#..............##...##...#
##.#............#...#...##
##.....#.#.....##...#.##
##......#....####.####
##...........##..###
###.#..........#....#


You could see a +6 vorpal dire flail (ally target) and a friendly ice beast
(summoned).

Vanquished Creatures
  Gastronok (Lair:2)
  An orc warlord (Orc:2)
  An eleionoma (shapeshifter) (D:14)
  5 dire elephants (Lair:5)
  An entropy weaver (shapeshifter) (D:14)
  4 vault guards (D:14)
  An ogre mage (Orc:2)
  2 catoblepae
  6 hydras
  10 two-headed ogres
  4 centaur warriors
  5 boulder beetles
  12 death yaks
  A tengu warrior (D:13)
  Erica (D:8)
  Urug (Lair:4)
  5 orc high priests (Orc:2)
  A spectral anaconda (Lair:5)
  3 deep trolls (D:15)
  A lindwurm (Lair:5)
  2 wizards (D:15)
  3 necromancers
  3 deep elf pyromancers
  8 orc sorcerers
  2 deep elf zephyrmancers (Elf:1)
  10 ugly things
  20 elephants (Lair:5)
  7 cyclopes
  3 manticores
  5 black mambas
  A dire elephant zombie (Lair:5)
  10 cane toads
  2 gargoyles
  2 torpor snails
  A water nymph (shapeshifter) (D:15)
  Maggie (Lair:2)
  An efreet (D:14)
  An unseen horror (D:11)
  3 kobold demonologists
  6 rime drakes
  10 komodo dragons
  A freezing wraith (D:14)
  6 trolls
  3 meliai (D:14)
  4 polar bears
  A hornet (shapeshifter) (D:14)
  19 slime creatures
  A hornet (D:5)
  25 blink frogs
  A spectral elephant (Lair:5)
  3 dream sheep (Lair:5)
  A shadow (D:9)
  A culicivora (shapeshifter) (D:15)
  12 wyverns
  3 wraiths
  52 yaks
  A vampire (D:12)
  15 basilisks
  A steam dragon (D:8)
  7 vampire mosquitoes (D:14)
  2 death yak simulacra (Lair:5)
  3 spectral cane toads (Lair:5)
  3 nagas (Lair:2)
  4 acid dragons
  8 wargs
  13 water moccasins
  20 orc warriors
  A sky beast (D:8)
  A black bear (D:5)
  8 ogres
  An ice beast (D:7)
  8 wolves
  13 centaurs
  A phantom (D:4)
  3 kobold brigands
  2 gnoll sergeants
  12 bullfrogs
  A necrophage (D:7)
  2 scorpions
  2 cane toad simulacra (Lair:5)
  3 water moccasin zombies (Ossuary)
  3 wights (D:9)
  10 killer bees (D:9)
  An elephant simulacrum (Lair:5)
  3 electric eels
  3 howler monkeys
  30 orc priests
  2 jellies
  5 hounds
  24 orc wizards
  4 iguanas (D:5)
  12 hell rats
  2 mummies (Ossuary)
  13 gnolls
  8 adders
  A shadow imp (D:5)
  3 white imps
  An ufetubus (D:4)
  2 adder zombies (Ossuary)
  2 worms
  4 dart slugs
  81 orcs
  3 bats
  7 endoplasms
  A giant cockroach (D:1)
  3 gnoll zombies (Ossuary)
  2 goblins (D:1)
  7 hobgoblins
  7 quokkas
  7 ball pythons
  2 frilled lizards
  4 hobgoblin zombies (Ossuary)
  15 kobolds
  6 kobold zombies (Ossuary)
  4 orc zombies (Ossuary)
  A rat (D:2)
  2 butterflies (D:5)
720 creatures vanquished.

Vanquished Creatures (collateral kills)
  A two-headed ogre (D:8)
  2 necromancers (Lair:5)
  An ugly thing (D:15)
  A cane toad (Lair:1)
  A rime drake (Lair:3)
  2 komodo dragons (Lair:1)
  A troll (D:5)
  A hornet (D:9)
  A blink frog (Lair:4)
  2 wyverns
  4 yaks
  An acid dragon (D:10)
  3 water moccasins
  An orc warrior (D:8)
  2 black bears
  A centaur (D:9)
  A phantom (D:5)
  4 bullfrogs
  2 scorpions
  2 killer bees (D:9)
  A hound (D:7)
  An orc priest (D:8)
  An iguana (D:7)
  A nameless horror (D:5)
  7 gnolls
  2 orcs (D:6)
47 creatures vanquished.

Vanquished Creatures (others)
  A water moccasin (Lair:5)
  An orc wizard (D:5)
  45 fungi
  88 plants
  33 withered plants (Lair:5)
168 creatures vanquished.

Grand Total: 935 creatures vanquished

Notes
Turn   | Place    | Note
-------+----------+-------------------------------------------
     0 | D:1      | confidenceinterval the Gargoyle Ice Elementalist began the
                  | quest for the Orb.
     0 | D:1      | Reached XP level 1. HP: 10/10 MP: 3/3
   143 | D:1      | Reached XP level 2. HP: 7/15 MP: 0/5
   452 | D:1      | Found a faded altar of an unknown god.
   975 | D:2      | Reached XP level 3. HP: 19/19 MP: 4/6
   980 | D:2      | Learned a level 3 spell: Frozen Ramparts
   982 | D:2      | Learned a level 1 spell: Magic Dart
  1163 | D:2      | Reached skill level 5 in Ice Magic
  1164 | D:2      | Reached skill level 1 in Conjurations
  1274 | D:2      | Reached XP level 4. HP: 22/24 MP: 3/7
  2155 | D:3      | Found a radiant altar of Vehumet.
  2155 | D:3      | Noticed a frost-covered statue
  2304 | D:3      | Reached XP level 5. HP: 28/28 MP: 6/8
  2356 | D:3      | Found an iron altar of Okawaru.
  2356 | D:3      | Found a hide-covered altar of Uskayaw.
  2942 | D:4      | Found Soirrar's Antique Weapon Shoppe.
  2995 | D:4      | Found an opulent altar of Gozag.
  3002 | D:4      | Became a worshipper of Gozag Ym Sagoz the Greedy
  3025 | D:4      | Learned a level 2 spell: Searing Ray
  3025 | D:4      | Found a sand-covered staircase.
  3030 | Ossuary  | Entered an ossuary
  3079 | Ossuary  | Reached XP level 6. HP: 4/32 MP: 2/9
  3728 | Ossuary  | Reached skill level 5 in Conjurations
  3728 | Ossuary  | Reached skill level 1 in Fighting
  4077 | D:4      | Reached XP level 7. HP: 41/41 MP: 8/10
  4671 | D:4      | Bought a brightly glowing long sword for 204 gold pieces
  4671 | D:4      | Identified the +5 long sword of Veihec {vamp, Will+ Str+5}
                  | (You bought it in a shop on level 4 of the Dungeon)
  4684 | D:5      | Entered Level 5 of the Dungeon
  4704 | D:5      | Noticed a hornet
  4955 | D:5      | Found a staircase to the Ecumenical Temple.
  5174 | D:5      | Learned a level 4 spell: Summon Ice Beast
  5353 | D:5      | Reached skill level 1 in Armour
  5354 | D:5      | Reached skill level 1 in Summonings
  5434 | D:5      | Reached XP level 8. HP: 48/48 MP: 12/12
  5490 | D:5      | Noticed a troll
  5748 | D:5      | Found a shimmering altar of Xom.
  6382 | D:6      | Noticed a yak
  6398 | D:6      | Noticed a yak
  6398 | D:6      | Killed a yak
  6399 | D:6      | Reached skill level 5 in Fighting
  6399 | D:6      | Noticed a yak
  6441 | D:6      | Killed a yak
  6442 | D:6      | Killed a yak
  6443 | D:6      | Reached skill level 5 in Armour
  6443 | D:6      | Reached XP level 9. HP: 52/54 MP: 5/13
  6575 | D:6      | Reached skill level 5 in Summonings
  6604 | D:6      | Found a shimmering blue altar of Sif Muna.
  6626 | D:6      | Found Mulutuca's Weapon Shoppe.
  6662 | D:6      | Found Biallen's Magic Scroll Shoppe.
  6678 | D:6      | Bought a scroll of identify for 22 gold pieces
  6678 | D:6      | Bought a scroll of identify for 22 gold pieces
  6678 | D:6      | Bought a scroll of identify for 22 gold pieces
  6678 | D:6      | Bought a scroll of identify for 22 gold pieces
  7124 | D:6      | Upgraded the game from 0.30-a0-365-ge7f957f1db to
                  | 0.30-a0-367-g839099abd5
  7775 | D:7      | Noticed a wizard
  7775 | D:7      | Noticed a kobold demonologist
  7777 | D:7      | Found a snail-covered altar of Cheibriados.
  7878 | D:7      | Found a transporter.
  7882 | D:7      | Found a transporter.
  8007 | D:7      | Reached skill level 5 in Stealth
  8080 | D:7      | Found Mumuolai's Book Shoppe.
  8208 | D:8      | Reached skill level 1 in Poison Magic
  8237 | D:8      | Noticed a two-headed ogre
  8249 | D:8      | Killed a two-headed ogre
  8250 | D:8      | Reached skill level 5 in Spellcasting
  8250 | D:8      | Reached XP level 10. HP: 36/59 MP: 18/18
  8597 | D:8      | Found a staircase to the Lair.
  8628 | D:8      | Noticed a boulder beetle
  8800 | D:8      | Found a sacrificial altar of Ru.
  8920 | D:8      | Reached skill level 5 in Poison Magic
  9253 | D:8      | Noticed Erica
  9273 | D:8      | Found a hazy altar of Hepliaklqana.
  9564 | D:8      | Learned a level 4 spell: Olgreb's Toxic Radiance
  9576 | D:9      | Found a bloodstained altar of Trog.
  9796 | D:9      | Noticed a two-headed ogre
 10630 | D:9      | Found a sparkling altar of Nemelex Xobeh.
 10926 | D:9      | Found Bohiur's Jewellery Shop.
 10932 | D:9      | Bought a ring of wizardry for 510 gold pieces
 11053 | D:9      | Found Gemomyg's Assorted Antiques.
 11057 | D:9      | Bought a scroll labelled QUQIEXOE KEJO for 22 gold pieces
 11064 | D:9      | Found Nihyinof's Weapon Emporium.
 11077 | D:9      | Reached XP level 11. HP: 68/68 MP: 13/20
 11306 | D:9      | Found Meoceutt's Antique Armour Emporium.
 11334 | D:9      | Killed a two-headed ogre
 11538 | D:9      | Found Nisiar's Distillery.
 11843 | D:10     | Entered Level 10 of the Dungeon
 11870 | D:9      | Bought a transparent scale mail for 207 gold pieces
 11870 | D:9      | Identified the +3 scale mail of the Fae God {rElec Dex+3}
                  | (You bought it in a shop on level 9 of the Dungeon)
 11870 | D:9      | Bought a fine scale mail for 207 gold pieces
 11870 | D:9      | Identified the +4 scale mail of Coenea {+Inv Fly Regen+
                  | Dex+3} (You bought it in a shop on level 9 of the Dungeon)
 11907 | D:10     | Found Fisa's Magic Scroll Shoppe.
 12067 | D:10     | Found a staircase to the Orcish Mines.
 12152 | D:10     | Found an ornate altar of the Wu Jian Council.
 12179 | D:10     | Noticed a two-headed ogre
 12735 | D:10     | Noticed a two-headed ogre
 12933 | D:10     | Killed a two-headed ogre
 13178 | D:10     | Killed a two-headed ogre
 13368 | D:10     | Upgraded the game from 0.30-a0-367-g839099abd5 to
                  | 0.30-a0-371-gad7725a93e
 14145 | D:8      | Killed a boulder beetle
 14209 | Lair:1   | Entered Level 1 of the Lair of Beasts
 14542 | Lair:1   | HP: 2/68 [komodo dragon (18)]
 14658 | Lair:1   | Reached skill level 5 in Dodging
 14658 | Lair:1   | Reached XP level 12. HP: 65/73 MP: 22/22
 14726 | Lair:1   | Noticed an eight-headed hydra
 14934 | D:6      | Bought the +10 shortbow of Lorghap {elec, rF+ rN+ Will+
                  | Dex+2} for 940 gold pieces
 15024 | Lair:1   | Killed an eight-headed hydra
 15159 | Lair:1   | Identified the +4 quarterstaff "Earthworm" {vorpal, rElec
                  | rF- rCorr Int+7}
 15230 | Lair:1   | Reached skill level 10 in Armour
 15232 | Lair:1   | Reached skill level 1 in Ranged Weapons
 15774 | Lair:2   | Noticed Maggie
 15784 | Lair:2   | Killed Maggie
 15925 | Lair:2   | Found a staircase to the Snake Pit.
 16060 | Lair:2   | Noticed Gastronok
 16069 | Lair:2   | Killed Gastronok
 16070 | Lair:2   | Reached skill level 5 in Ranged Weapons
 16264 | Lair:2   | Noticed a four-headed hydra
 16272 | Lair:2   | Killed a four-headed hydra
 16961 | Lair:3   | Reached XP level 13. HP: 80/80 MP: 18/23
 17006 | Lair:3   | Reached skill level 10 in Fighting
 17251 | Lair:3   | Found a staircase to the Shoals.
 17258 | Lair:3   | Found a white marble altar of Elyvilon.
 18056 | Lair:4   | Noticed Urug
 18372 | Lair:4   | Killed Urug
 18641 | Lair:4   | Found a staircase to the Slime Pits.
 18641 | Lair:4   | Found a viscous altar of Jiyva.
 18737 | Lair:4   | Gained mutation: Your large and strong wings let you fly.
                  | [Gargoyle growth]
 18737 | Lair:4   | Reached XP level 14. HP: 90/90 MP: 7/24
 19490 | Orc:1    | Entered Level 1 of the Orcish Mines
 19890 | Orc:2    | Entered Level 2 of the Orcish Mines
 19890 | Orc:2    | Noticed an orc warlord
 20062 | Orc:2    | Gained mutation: Your magical capacity is low. (-10% MP) [a
                  | neqoxec]
 20294 | Orc:2    | Killed an orc warlord
 20438 | Orc:2    | Found a staircase to the Elven Halls.
 20604 | Orc:2    | Reached skill level 1 in Evocations
 20709 | Orc:2    | Paralysed by an orc sorcerer for 3 turns
 21191 | Orc:2    | Found Bounkoof's Jewellery Shoppe.
 21192 | Orc:2    | Found Ciular's Assorted Antiques.
 21193 | Orc:2    | Found Cagidee's Book Emporium.
 21197 | Orc:2    | Found Sarronut's Antique Armour Emporium.
 21242 | Orc:2    | Bought a fine helmet for 389 gold pieces
 21242 | Orc:2    | Identified the +2 helmet "Widwugg" {Rampage Dex+3} (You
                  | bought it in a shop on level 2 of the Orcish Mines)
 21949 | D:8      | Killed Erica
 22310 | D:11     | Reached skill level 1 in Transmutations
 22670 | D:11     | Reached skill level 5 in Evocations
 23444 | D:12     | Reached XP level 15. HP: 69/96 MP: 22/25
 24480 | D:13     | Found a runed translucent gate.
 24481 | D:13     | Found a runed translucent gate.
 24482 | D:13     | Found a runed translucent gate.
 24483 | D:13     | Found an ancient bone altar of Kikubaaqudgha.
 24484 | D:13     | Noticed a lich
 24484 | D:13     | Noticed Ejouneb's ghost (journeyman TrBe)
 24484 | D:13     | Noticed a lich
 24485 | D:13     | Noticed a lich
 24485 | D:13     | Noticed a lich
 25408 | D:14     | Bought an ancient scale mail for 279 gold pieces
 25408 | D:14     | Identified the +2 scale mail of Feasting {rC- Regen+ Int+8
                  | SInv} (You bought it in a shop on level 14 of the Dungeon)
 25408 | D:14     | Bought a twisted robe for 176 gold pieces
 25408 | D:14     | Identified the +2 robe of the Shrike {rElec Will- Regen+
                  | Int+2} (You bought it in a shop on level 14 of the Dungeon)
 25410 | D:14     | Bought the -2 hat of the Alchemist {rElec rPois rF+ rC+ rN+
                  | Will+ rMut rCorr} for 1463 gold pieces
 25410 | D:14     | Found the -2 hat of the Alchemist {rElec rPois rF+ rC+ rN+
                  | Will+ rMut rCorr}
 25471 | D:14     | Identified the +9 whip "Talajol" {flame, rC+ Str+4}
 25496 | D:14     | Noticed Ticrolis's ghost (journeyman DgDe)
 25597 | D:14     | Found a gate to the Vaults.
 25645 | D:14     | Reached skill level 5 in Transmutations
 25921 | D:14     | Found a runed translucent gate.
 25921 | D:14     | Found a runed translucent gate.
 25921 | D:14     | Found a runed translucent gate.
 26122 | D:14     | Reached skill level 1 in Necromancy
 26427 | D:14     | Noticed an azure jelly
 26878 | D:15     | Entered Level 15 of the Dungeon
 27348 | D:15     | Found a staircase to the Depths.
 27486 | D:15     | Identified the +4 ring mail of Death Resistance {rC+}
 28217 | D:15     | Found a white marble altar of Elyvilon.
 28878 | Lair:5   | Entered Level 5 of the Lair of Beasts
 28977 | Lair:5   | Reached skill level 10 in Dodging
 28981 | Lair:5   | Reached XP level 16. HP: 53/101 MP: 24/26
 29195 | Lair:5   | Reached skill level 5 in Necromancy
 30564 | Orc:2    | Bought a book of Touch for 264 gold pieces
 30564 | Orc:2    | Bought a book of Death for 528 gold pieces
 30569 | Orc:2    | Learned a level 4 spell: Dispel Undead
 32260 | Lair:5   | Learned a level 5 spell: Yara's Violent Unravelling
 32472 | Elf:1    | Entered Level 1 of the Elven Halls
 32484 | Elf:1    | Reached skill level 1 in Hexes
 32546 | Orc:1    | Slain by a +6 vorpal dire flail

Illustrated notes

Levels and vault maps discovered:
D:1:      minmay_arrival_doors, layout_loops_cross,
          hellmonk_ecumenical_altar_heavens_door
D:2:      minmay_evil_eye, layout_rooms
D:3:      layout_loops_ring, gammafunk_temple_overflow_wave, vehumet_statue
D:4:      layout_loops_ring, grunt_gozag_statues, enter_ossuary_2, serial_shops,
          nicolae_shop_advertising_works [nicolae_subvault_shop_adworks],
          minmay_distorted
D:5:      kennysheep_windowed_halls, layout_gridville, xom_butterflies,
          minmay_temple_entry_statues_pillars, serial_bayou_lagoon_a
D:6:      layout_loops_ring, mainiacjoe_overflow_surrounded_room, serial_shops,
          shop, nicolae_shop_statue_plus
D:7:      layout_rooms, gammafunk_temple_overflow_arena, serial_shops,
          kennysheep_mini_moat, nicolae_lava_and_water
D:8:      layout_gridville, hangedman_ru_absence, nzn_hepliaklqana_mist_gate,
          grunt_lair_entry_orc_guard_hut, roderic_filled_cross, uniq_erica
D:9:      layout_roguey, mainiacjoe_overflow_cross_hatched, old_standard_altar,
          serial_shops, shop_fountains, nicolae_square_shop, shop,
          shop_fountains, nicolae_shop_hallway_stairs,
          chequers_serial_rivers_large_a, minmay_door_square,
          minmay_misc_feat_plants, minmay_unpleasant_kobolds
D:10:     layout_loops_cross, pdpol_wu_jian_five_deadly_venoms, serial_shops,
          nicolae_take_the_stairs, chequers_serial_rivers_large_b
D:11:     layout_small_grid
D:12:     layout_basic
D:13:     layout_basic, gammafunk_ghost_crypt
D:14:     layout_roguey, lightli_vaults_fourway_checkpoint, gammafunk_ghost_icy
D:15:     hangedman_depths_entry_civil_slaughter, layout_cave_pods,
          elyvilon_altar_4
Lair:1:   layout_roguey, infiniplex_staircase_pool
Lair:2:   cheibrodos_lair_river_kwai, layout_chaotic_city,
          guppyfry_snake_entry_island, st_stairs_6, serial_bayou_shore_b,
          uniq_gastronok, uniq_maggie
Lair:3:   layout_roguey [special_room_mythical_zoo], shoals_dummy_entry,
          basic_altar, st_stairs_8
Lair:4:   layout_loops_ring, slime_entry_1, uniq_urug
Lair:5:   due_jungle_book, layout_loops_ring, chequers_serial_rivers_micro_d
Orc:1:    layout_caves
Orc:2:    st_orc_mages, layout_caves, basic_altar, rock_pile
Elf:1:    minmay_elf_arrival_summoners, layout_rooms, minmay_elf_sorcery,
          grunt_megastairs_2

Skill      XL: |  1  2  3  4  5  6  7  8  9 10 11 12 13 14 15 16 |
---------------+-------------------------------------------------+-----
Ice Magic      | 5 6 7 |  7.0
Conjurations   | 1 4 5 |  5.0
Fighting       | 3 4 5 7 8 9 11 12 | 12.0
Spellcasting   | 3 5 6 7 9 |  9.0
Armour         | 2 5 9 10 11 12 | 12.0
Summonings     | 1 4 6 |  6.0
Stealth        | 5 |  5.0
Poison Magic   | 3 6 8 9 |  9.0
Dodging        | 5 6 10 | 10.0
Ranged Weapons | 6 9 |  9.0
Evocations     | 5 |  5.0
Transmutations | 2 5 |  5.0
Necromancy     | 3 9 |  9.2
Hexes          | 1 |  1.1

Action                   |  1- 3 |  4- 6 |  7- 9 | 10-12 | 13-15 | 16-18 || total
-------------------------+-------+-------+-------+-------+-------+-------++-------
Melee: Short sword       |     6 |       |       |       |       |       ||     6
       Unarmed           |     2 |       |       |       |       |       ||     2
       Whip              |    10 |       |       |       |       |       ||    10
       Punch             |     1 |       |       |     6 |       |       ||     7
       Halberd           |       |    62 |     5 |       |       |       ||    67
       Long sword        |       |       |   153 |   262 |       |       ||   415
 Fire: Shortbow          |       |       |       |   160 |  1034 |   357 ||  1551
Throw: Dart              |       |       |       |     2 |       |       ||     2
 Cast: Freeze            |    34 |    20 |       |       |       |       ||    54
       Magic Dart        |     3 |    36 |    56 |       |       |       ||    95
       Frozen Ramparts   |     2 |     9 |    18 |     4 |    20 |    15 ||    68
       Searing Ray       |       |    15 |     7 |       |       |       ||    22
       Summon Ice Beast  |       |       |    17 |    42 |    17 |    12 ||    88
       Olgreb's Toxic Ra |       |       |       |    55 |   154 |    57 ||   266
       Dispel Undead     |       |       |       |       |       |    12 ||    12
Invok: Call Merchant     |       |       |       |       |     1 |       ||     1
Evoke: Wand              |       |       |     4 |       |       |       ||     4
  Use: Scroll            |     2 |     4 |    19 |    12 |     3 |     2 ||    42
       Potion            |       |     1 |     1 |       |     2 |       ||     4
 Stab: Sleeping          |       |     4 |     2 |     1 |       |       ||     7
       Distracted        |       |     1 |       |     2 |       |       ||     3
Armor: Robe              |    25 |    28 |   103 |   103 |       |       ||   259
       Skin              |       |     3 |       |       |       |       ||     3
       Scale mail        |       |       |       |   191 |   439 |   233 ||   863
Dodge: Dodged            |    32 |    59 |   118 |   246 |   327 |   176 ||   958

Table legend: (Time is in decaauts)
 A = Elapsed time spent in this place.
 B = Non-inter-level travel time spent in this place.
 C = Inter-level travel time spent in this place.
 D = Time resting spent in this place.
 E = Time spent auto-exploring this place.
 F = Levels seen in this place.
 G = Mean time per level.
                   A        B        C        D        E       F      G
               +--------+--------+--------+--------+--------+-----+--------+
         Total |  33238 |  30523 |   2715 |   9239 |  13821 |  24 | 1384.9 |
       Dungeon |  21071 |  19458 |   1613 |   5870 |   9202 |  15 | 1404.7 |
          Lair |   8733 |   7884 |    849 |   2026 |   3643 |   5 | 1746.6 |
  Orcish Mines |   2459 |   2207 |    252 |    722 |    866 |   2 | 1229.5 |
   Elven Halls |     16 |     16 |      0 |      0 |      0 |   1 |   16.0 |
       Ossuary |    956 |    956 |      0 |    620 |    110 |   1 |  956.0 |
               +--------+--------+--------+--------+--------+-----+--------+

Top non-repeatable levels by time:
  Lair:5: 3171 daAuts
     D:9: 2374 daAuts
     D:8: 2368 daAuts
     D:5: 1965 daAuts
  Lair:3: 1815 daAuts
    D:15: 1687 daAuts
    D:10: 1603 daAuts
    D:14: 1581 daAuts
   Orc:2: 1520 daAuts
  Lair:1: 1317 daAuts
    D:13: 1313 daAuts
  Lair:4: 1306 daAuts
     D:7: 1239 daAuts
  Lair:2: 1124 daAuts
     D:6: 1054 daAuts
